 Dungeon Crawl Stone Soup version 0.25-a0-697-g890751e744 (webtiles) character file.

Game seed: 11655665971460627174, levelgen mode: deterministic

8 Esekla the Skirmisher (level 2, -1/25 HPs)
             Began as a Formicid Abyssal Knight on Apr 1, 2020.
             Was a Follower of Lugonu.
             Slain by a worm (5 damage)
             ... on level 2 of the Dungeon.
             The game lasted 00:03:08 (468 turns).

Esekla the Skirmisher (Formicid Abyssal Knight)      Turns: 468, Time: 00:03:09

Health: -1/25      AC:  3    Str: 16    XL:     2   Next: 15%
Magic:  3/3        EV: 11    Int: 11    God:    Lugonu [*.....]
Gold:   55         SH:  0    Dex: 10    Spells: 1/1 levels left

rFire    . . .     SeeInvis +   a - +1 falchion
rCold    . . .     Gourm    .   (no shield)
rNeg     . . .     Faith    .   b - +0 leather armour
rPois    .         Spirit   .   (helmet unavailable)
rElec    .         Reflect  .   (no cloak)
rCorr    .         Harm     .   (no gloves)
MR       .....                  (no boots)
Stlth    +.........             (no amulet)
HPRegen  0.08/turn              (no ring)
MPRegen  0.08/turn              (no ring)

@: no status effects
A: permanent stasis, dig shafts and tunnels, four strong arms, antennae 3
a: Dig, Shaft Self, Depart the Abyss, Renounce Religion


You were on level 2 of the Dungeon.
You worshipped Lugonu.
Lugonu was aware of your devotion.
You were not hungry.

You visited 1 branch of the dungeon, and saw 2 of its levels.
You visited the Abyss 1 time.

You collected 55 gold pieces.

Inventory:

Hand Weapons
 a - a +1 falchion (weapon)
Missiles
 h - 15 poisoned darts (quivered)
Armour
 b - a +0 leather armour (worn)
Jewellery
 j - an uncursed ring of ice
Scrolls
 d - a scroll of immolation {unknown}
 e - 3 scrolls of identify {unknown}
 f - a scroll of remove curse {unknown}
 i - a scroll of magic mapping {unknown}
Potions
 g - a potion of stabbing {unknown}
Comestibles
 c - 4 rations


   Skills:
 * Level 3.7 Fighting
 + Level 2.2 Long Blades
 + Level 2.1 Armour
 + Level 0.8 Dodging
 + Level 2.1 Invocations


You had one spell level left.
You didn't know any spells.
Your spell library was empty.

Dungeon Overview and Level Annotations

Branches:
Dungeon (2/15)

Altars:


Innate Abilities, Weirdness & Mutations

You cannot be hasted, slowed, berserked, paralysed or teleported.
You can dig through walls and to a lower floor.
Your four strong arms can wield two-handed weapons with a shield.
You have a pair of large antennae on your head. (SInv)


Message History

You hit the worm.
The worm is moderately wounded.
The worm bites you.
You hit the worm.
The worm is moderately wounded.
The worm bites you!
* * * LOW HITPOINT WARNING * * *
You slash the worm!
The worm is heavily wounded.
You hit the worm but do no damage.
The worm is heavily wounded.
The worm closely misses you.
You barely miss the worm.
The worm is heavily wounded.
The worm closely misses you.
You riposte.
You hit the worm.
The worm is heavily wounded.
You barely miss the worm.
The worm is heavily wounded.
The worm bites you.
You die...

############ ..
#..........###..
#...............
#########..............#
.......)................
####..###..............#
####..# #..........###
......# #.......@w.#
...#..###..........#
...#>.................
...##.################..
...##.#########
##.##.........#
#.........##♣♣♣
♣.♣♣........♣
♣.P♣####..#....


You could see a worm.

Vanquished Creatures
  A leopard gecko (D:2)
  A goblin (D:1)
  A hobgoblin (D:2)
  A quokka (D:2)
  A frilled lizard (D:1)
  2 rats (D:1)
7 creatures vanquished.

Notes
Turn   | Place    | Note
-------+----------+-------------------------------------------
     0 | Abyss:1  | Esekla the Formicid Abyssal Knight began the quest for the
                  | Orb.
     0 | Abyss:1  | Reached XP level 1. HP: 18/18 MP: 2/2
   105 | Abyss:1  | Noticed a tormentor
   108 | D:1      | Escaped the Abyss
   430 | D:2      | Reached * piety under Lugonu
   430 | D:2      | Reached XP level 2. HP: 25/25 MP: 3/3
   468 | D:2      | Slain by a worm

Levels and vault maps discovered:
D:1:      dpeg_arrival_connections, layout_loops_ring, minmay_ruptured
D:2:      layout_basic, lightli_temple_of_fire,
          nicolae_qazlal_style_of_elements, serial_forest,
          infiniplex_forest_pool, infiniplex_forest_corner_1,
          infiniplex_forest_straight_4, infiniplex_forest_straight_4,
          infiniplex_forest_clump_small, infiniplex_forest_straight_4,
          infiniplex_forest_clump_diagonal, uniq_crazy_yiuf_cottage

Action                   || total
-------------------------++-------
Melee: Falchion          ||    26
Throw: Dart              ||     2
Invok: Depart the Abyss  ||     1
Armor: Leather armour    ||     3
Dodge: Dodged            ||     9
       Rpst.: Falchion   ||     2

Table legend:
 A = Non-vault XP
 B = Vault XP
 C = Vault XP percentage of total XP
 D = Non-vault monster count
 E = Vault monster count
 F = Vault count percentage of total count
                 A         B        C        D         E       F
            +---------+---------+-------+---------+---------+-------
      Total |      12 |       0 |   0.0 |       7 |       0 |   0.0
            +---------+---------+-------+---------+---------+-------
        D:1 |       5 |       0 |   0.0 |       4 |       0 |   0.0
        D:2 |       7 |       0 |   0.0 |       3 |       0 |   0.0
            +---------+---------+-------+---------+---------+-------
